 Dungeon Crawl Stone Soup version 0.25.0-65-g31bcc41 (webtiles) character file.

3783 Dorkslayer the Blocker (level 10, 0/61 HPs)
             Began as a Gargoyle Fighter on Nov 14, 2020.
             Was an Initiate of Okawaru.
             Slain by a brown ugly thing (5 damage)
             ... on level 2 of the Dungeon.
             The game lasted 00:06:57 (1910 turns).

Dorkslayer the Blocker (Gargoyle Fighter)           Turns: 1910, Time: 00:06:57

Health: 0/61       AC: 17    Str: 23    XL:     10   Next: 16%
Magic:  10/10      EV:  7    Int: 11    God:    Okawaru [......]
Gold:   203        SH: 11    Dex:  9    Spells: 9/9 levels left

rFire    . . .     SeeInvis .   h - -3 short sword (curse)
rCold    . . .     Gourm    .   c - +0 shield
rNeg     + . .     Faith    .   j - +0 plate armour
rPois    ∞         Spirit   .   (no helmet)
rElec    +         Reflect  .   (no cloak)
rCorr    .         Harm     .   (no gloves)
MR       .....                  k - +0 pair of boots
Stlth    ..........             (no amulet)
HPRegen  0.20/turn              i - ring of flight
MPRegen  0.12/turn              m - ring of stealth

@: corroded
A: clever 1, negative energy resistance 1, electricity resistance, wild magic 1,
unbreathing, petrification resistance, rot immunity, AC +7
a: Renounce Religion, Evoke Flight


You were on level 2 of the Dungeon.
You worshipped Okawaru.
Okawaru was noncommittal.
You were not hungry.

You visited 2 branches of the dungeon, and saw 3 of its levels.

You collected 203 gold pieces.

Inventory:

Hand Weapons
 a - a +0 long sword
 h - a cursed -3 short sword (weapon)
Missiles
 b - 4 javelins (quivered)
Armour
 c - a +0 shield (worn)
 j - a +0 plate armour (worn)
 k - a +0 pair of boots (worn)
Jewellery
 i - a ring of flight (left hand)
 m - a ring of stealth (right hand)
Potions
 d - a potion of curing
Comestibles
 f - 3 rations


   Skills:
 + Level 6.6 Fighting
 + Level 6.2(6.6) Short Blades
 + Level 3.0(5.0) Long Blades
 + Level 7.5 Armour
 + Level 3.7 Dodging
 + Level 2.0 Stealth
 + Level 8.9 Shields


You had 9 spell levels left.
You didn't know any spells.
Your spell library was empty.

Dungeon Overview and Level Annotations

Branches:
Dungeon (2/3)              Temple (1/1) D:1
  Swamp: D:2-3       Shoals: D:2-3        Snake: D:2-3       Spider: D:2-3
  Slime: D:2-3          Orc: D:2         Vaults: D:2-3

Altars:
Cheibriados
Dithmenos
Elyvilon
Fedhas
Hepliaklqana
Kikubaaqudgha
Makhleb
Nemelex Xobeh
Okawaru
Ru
Sif Muna
Uskayaw
Vehumet
Yredelemnul
Zin
The Shining One


Innate Abilities, Weirdness & Mutations

You are resistant to torment.
Your stone body is resilient. (AC +7)
You are immune to poison.
You resist negative energy. (rN+)
You are resistant to electric shocks. (rElec)
You can survive without breathing.
You are immune to petrification.
You are immune to rotting.
Your mind is acute. (Int +2)
Your spells are a little harder to cast, but a little more powerful.


Message History

You feel yourself slow down.
You hit the brown ugly thing.
The brown ugly thing is moderately wounded.
The brown ugly thing stings you but does no damage.
You hit the brown ugly thing.
The brown ugly thing is moderately wounded.
You block the brown ugly thing's attack.
You hit the brown ugly thing but do no damage.
The brown ugly thing is moderately wounded.
You block the brown ugly thing's attack.
You hit the brown ugly thing.
The brown ugly thing is moderately wounded.
The brown ugly thing stings you.
* * * LOW HITPOINT WARNING * * *
You are splashed with acid!
The acid burns!
* * * LOW HITPOINT WARNING * * *
Your plate armour prevents you from hitting the brown ugly thing.
The brown ugly thing is moderately wounded.
You float gracefully downwards.
The brown ugly thing stings you.
You die...

#####...#######
....$.........#
####...#####.#
##.## #.# #.#
#.# #.# #.# #.#
#.# #u# #<# #@#
#.# #♣♣ ?..
♣?.$. ♣....>
♣......
♣......#
♣.(....#


You could see a brown ugly thing.

Vanquished Creatures
  An orc warrior (D:1)
  A sky beast (D:1)
  2 centaurs (D:1)
  2 bullfrogs
  2 hounds (D:1)
  A quasit (D:1)
  An orc wizard (D:1)
  An iguana (D:1)
  3 worker ants (D:1)
  A hound zombie (D:1)
  A hound skeleton (D:1)
  3 adders (D:1)
  6 orcs (D:1)
  A leopard gecko zombie (D:1)
26 creatures vanquished.

Notes
Turn   | Place    | Note
-------+----------+-------------------------------------------
     0 | D:1      | Dorkslayer the Gargoyle Fighter began the quest for the
                  | Orb.
     0 | D:1      | Reached XP level 1. HP: 14/14 MP: 1/1
    39 | D:1      | Reached XP level 2. HP: 19/20 MP: 2/2
    39 | D:1      | Reached XP level 3. HP: 23/24 MP: 3/3
    39 | D:1      | Reached XP level 4. HP: 28/29 MP: 4/4
   124 | D:1      | Noticed a sky beast
   155 | D:1      | Killed a sky beast
   155 | D:1      | Reached skill level 5 in Fighting
   155 | D:1      | Reached skill level 1 in Short Blades
   155 | D:1      | Reached skill level 5 in Armour
   155 | D:1      | Reached skill level 5 in Shields
   155 | D:1      | Reached XP level 5. HP: 22/35 MP: 5/5
   155 | D:1      | Reached XP level 6. HP: 26/40 MP: 6/6
   155 | D:1      | Reached XP level 7. HP: 28/44 MP: 7/7
   349 | D:1      | Reached skill level 1 in Dodging
   390 | D:1      | Reached XP level 8. HP: 21/50 MP: 8/8
   462 | D:1      | Reached skill level 6 in Shields
   524 | D:1      | Reached skill level 1 in Stealth
   545 | D:1      | Reached skill level 7 in Shields
   545 | D:1      | Reached XP level 9. HP: 29/55 MP: 9/9
   611 | D:1      | Found a shadowy altar of Dithmenos.
   722 | D:1      | Reached skill level 5 in Short Blades
   776 | D:1      | Reached skill level 8 in Shields
   942 | D:1      | Found a staircase to the Ecumenical Temple.
   949 | Temple   | Entered the Ecumenical Temple
   978 | Temple   | Became a worshipper of Warmaster Okawaru
  1088 | D:1      | Found a basalt altar of Yredelemnul.
  1223 | D:1      | Found a radiant altar of Vehumet.
  1223 | D:1      | Found a white marble altar of Elyvilon.
  1226 | D:1      | Found a glowing golden altar of the Shining One.
  1227 | D:1      | Found a snail-covered altar of Cheibriados.
  1422 | D:1      | Reached XP level 10. HP: 61/61 MP: 10/10
  1820 | D:2      | Noticed a brown ugly thing
  1854 | D:2      | Gained mutation: Your spells are a little harder to cast,
                  | but a little more powerful. [potion of mutation]
  1854 | D:2      | Gained mutation: Your mind is acute. (Int +2) [potion of
                  | mutation]
  1910 | D:2      | Slain by a brown ugly thing

Skill      XL: |  1  2  3  4  5  6  7  8  9 10 |
---------------+-------------------------------+-----
Fighting       | 4 5 6 |  6.6
Long Blades    | 2 3 |  3.0
Armour         | 4 5 6 7 |  7.5
Short Blades   | 1 2 4 5 6 |  6.2
Shields        | 5 7 8 |  8.9
Dodging        | 1 2 3 |  3.7
Stealth        | 1 2 |  2.0

Action                   |  1- 3 |  4- 6 |  7- 9 | 10-12 || total
-------------------------+-------+-------+-------+-------++-------
Melee: Long sword        |     4 |       |       |       ||     4
       Short sword       |       |    46 |   351 |   111 ||   508
Throw: Javelin           |       |       |       |     2 ||     2
  Use: Potion            |       |     1 |     2 |     6 ||     9
       Scroll            |       |       |     3 |     2 ||     5
  Eat: Ration            |       |       |     1 |       ||     1
       Chunk             |       |       |     1 |       ||     1
Armor: Scale mail        |     1 |    21 |    99 |       ||   121
       Plate armour      |       |       |    77 |    30 ||   107
Dodge: Dodged            |     1 |     7 |   102 |    12 ||   122
Block: Shield            |     2 |    15 |   172 |    40 ||   229
